 Dungeon Crawl Stone Soup version 0.23.2-1-ga50397a (webtiles) character file.

Game seed: 7779569296910276379

287 goulibeur the Distorting Demonspawn (level 6, -2/48 HPs)
             Began as a Demonspawn Abyssal Knight on May 16, 2019.
             Was a Believer of Lugonu.
             Shot with an arrow by a centaur (13 damage)
             ... on level 7 of the Dungeon.
             The game lasted 00:20:08 (4140 turns).

goulibeur the Distorting Demonspawn (DsAK)          Turns: 4140, Time: 00:20:09

Health: -2/48      AC: 17    Str: 18    XL:     6   Next: 8%
Magic:  10/10      EV:  5    Int: 13    God:    Lugonu [**....]
Gold:   50         SH:  4    Dex: 14    Spells: 5/5 levels left

rFire    . . .     SeeInvis .   k - +0 morningstar
rCold    . . .     Gourm    .   n - +0 buckler
rNeg     . . .     Faith    .   o - +1 plate armour
rPois    .         Spirit   .   (helmet restricted)
rElec    .         Reflect  .   z - +0 cloak
rCorr    .         Harm     .   (no gloves)
MR       .....                  j - +0 pair of boots
Stlth    ..........             (no amulet)
HPRegen  0.16/turn              t - ring of flight
MPRegen  0.12/turn              (no ring)

@: mighty
A: horns 1, icy blue scales 2
a: Depart the Abyss, Bend Space, Renounce Religion, Evoke Flight


You were on level 7 of the Dungeon.
You worshipped Lugonu.
Lugonu was pleased with you.
You were not hungry.

You visited 1 branch of the dungeon, and saw 5 of its levels.
You visited the Abyss 1 time.

You collected 239 gold pieces.
You spent 189 gold pieces at shops.

Inventory:

Hand Weapons
 a - a +1 short sword
 k - a +0 morningstar (weapon)
Armour
 b - a +0 leather armour
 f - a +0 ring mail
 j - a +0 pair of boots (worn)
 n - a +0 buckler (worn)
 o - a +1 plate armour (worn)
 z - a +0 cloak (worn)
Jewellery
 e - the amulet of the Empire {+Rage Int+4, unknown}
   (You found it on level 4 of the Dungeon)

   [amulet of rage]

   It affects your intelligence (+4).
   It lets you go berserk.
 t - a ring of flight (left hand)
Scrolls
 g - 3 scrolls of blinking
 i - a scroll of noise {unknown}
 l - a scroll of magic mapping {unknown}
 m - a scroll of fog {unknown}
 s - 3 scrolls of remove curse
 v - a scroll of enchant weapon {unknown}
 y - a scroll of identify
Potions
 d - a potion of cancellation
 h - a potion of degeneration
 p - a potion of curing
 r - a potion of heal wounds
 u - a potion of might
 w - a potion of mutation
 x - a potion of brilliance {unknown}
Comestibles
 c - 9 rations
 q - 2 chunks of flesh


   Skills:
 + Level 4.0 Fighting
 - Level 1.7 Short Blades
 + Level 2.8 Armour
 + Level 2.3 Dodging
 + Level 1.2 Shields
 * Level 5.3 Invocations
 * Level 0.0 Evocations


You had 5 spell levels left.
You didn't know any spells.
Your spell library was empty.

Dungeon Overview and Level Annotations

Branches:
Dungeon (4/15)
 Temple: D:4-7

Altars:
Okawaru
Xom

Shops:
D:4 *


Innate Abilities, Weirdness & Mutations

You have a pair of small horns on your head.
You are mostly covered in icy blue scales. (AC +3)


Message History

The orc warrior hits you with a +0 mace.
Space bends around you!
You blink.
A centaur comes into view.
The centaur wields a +0 shortbow.
The centaur shoots an arrow.
The arrow barely misses you.
You see here an arrow.
The centaur unwields a +0 shortbow.
You block the centaur's attack.
The centaur hits you but does no damage.
You block the centaur's attack.
The centaur wields a +0 shortbow.
The centaur shoots an arrow.
The arrow hits you.
You see here an arrow.
The centaur shoots an arrow.
The arrow hits you.
* * * LOW HITPOINT WARNING * * *
You see here an arrow.
The centaur shoots an arrow.
The arrow hits you.
* * * LOW HITPOINT WARNING * * *
You see here an arrow.
The centaur shoots an arrow.
The arrow hits you!
You die...

### #.. #.############
#.#......oo..#
#@#(#######.## #.#...#
#.# #.#(###.# #.#
#.#.c((.# #.#
#.####### #.# #.# #o#
#.# #o# ########.# #.#
.........###########o#


You could see a centaur.

Vanquished Creatures
  An orc priest (D:3)
  An orc wizard (D:3)
  8 gnolls
  4 adders
  2 oozes
  An adder skeleton (D:4)
  A worm (D:3)
  A dart slug (D:2)
  4 leopard geckos
  12 orcs
  11 bats
  4 giant cockroaches
  8 goblins
  3 hobgoblins
  10 jackals
  2 frilled lizards (D:2)
  9 kobolds
  9 rats
91 creatures vanquished.

Notes
Turn   | Place    | Note
-------+----------+-------------------------------------------
     0 | Abyss:1  | goulibeur the Demonspawn Abyssal Knight began the quest for
                  | the Orb.
     0 | Abyss:1  | Reached XP level 1. HP: 18/18 MP: 2/2
    91 | D:1      | Escaped the Abyss
   238 | D:1      | Reached skill level 1 in Dodging
   268 | D:1      | Reached skill level 3 in Invocations
   268 | D:1      | Gained mutation: You are partially covered in icy blue
                  | scales. (AC +2) [demonic ancestry]
   268 | D:1      | Reached XP level 2. HP: 2/24 MP: 2/4
   688 | D:1      | Reached * piety under Lugonu
   848 | D:1      | Gained mutation: You are mostly covered in icy blue scales.
                  | (AC +3) [demonic ancestry]
   848 | D:1      | Reached XP level 3. HP: 23/29 MP: 5/5
  1767 | D:2      | Reached skill level 4 in Invocations
  1902 | D:2      | Reached XP level 4. HP: 35/35 MP: 7/7
  2323 | D:2      | Reached ** piety under Lugonu
  2709 | D:3      | Found an iron altar of Okawaru.
  2762 | D:3      | Gained mutation: You have a pair of small horns on your
                  | head. [demonic ancestry]
  2762 | D:3      | Reached XP level 5. HP: 38/42 MP: 8/8
  3026 | D:3      | Found a shimmering altar of Xom.
  3189 | D:3      | Reached skill level 5 in Invocations
  3306 | D:3      | Reached skill level 1 in Shields
  3819 | D:4      | Reached XP level 6. HP: 48/48 MP: 9/9
  3864 | D:4      | Got a transparent bone amulet
  3986 | D:4      | Found Yffoth's Assorted Antiques.
  3990 | D:4      | Bought a scroll of identify for 54 gold pieces
  3990 | D:4      | Bought a potion of heal wounds for 135 gold pieces
  4059 | D:4      | You fall through a shaft for 3 floors!
  4084 | D:7      | Noticed an orc warrior
  4140 | D:7      | Shot with an arrow by a centaur

Skill      XL: |  1  2  3  4  5 |
---------------+----------------+-----
Dodging        | 1 2 |  2.3
Armour         | 2 |  2.8
Invocations    | 3 4 5 |  5.3
Shields        | 1 |  1.2
Fighting       | 4 |  4.0
Short Blades   | |  1.7

Action                   |  1- 3 |  4- 6 || total
-------------------------+-------+-------++-------
Melee: Short sword       |   162 |   116 ||   278
       Morningstar       |       |    89 ||    89
       Headbutt          |       |    20 ||    20
Invok: Depart the Abyss  |     1 |       ||     1
       Bend Space        |       |     1 ||     1
  Use: Scroll            |     3 |     7 ||    10
       Potion            |       |     2 ||     2
  Eat: Chunk             |     3 |     8 ||    11
Armor: Leather armour    |    69 |       ||    69
       Ring mail         |     6 |    21 ||    27
       Plate armour      |       |   160 ||   160
Dodge: Dodged            |    91 |    47 ||   138
Block: Buckler           |       |    35 ||    35
